Unix NetHack Version 5.0.0-0 post-release - last build Jun 10 2026 00:39:30 (3ee93aec679c4c4259841fe613dc97188e26a321,branch:main).

Game began 2026-06-29 18:35:09, ended 2026-06-29 18:56:55.

HenriqueII, lawful male human Archeologist

     #              ---------
     #              |.......|
     #              |.......|                                       #
     #   -----      |.......|                                  -----|-------
     #  #.*..|      |.....{.|                                  |...........|
     #  #|...|      --.------                                  |.....k.....|
     ####.<`.|        #                            e`d#####    ....-----...|
     #  #-..--#    ######                          q@#####     |.......|...|
     #  #`##############                  ##-------------.-    |...|.:.|...|
     #   #    #   ##   #                   #.........>.....### |...|...|...|
     #   #    # ##     #                 ###|....[........|  # |...-----...|
     #   #   ####      ####              #  |.............|  ##-...........|
  ---.---% ######         #              #  |.............|    |...........|
  |...`..###    ## #      ##            ##  ---------------    -------------
  |.....|#      ##.--.-----.--         ##
  |..^...#       #..........(|  ##*#####
  -------#       #...........-###
                  ...........|
                  ------------

HenriqueII the Field Worker  St:13 Dx:13 Co:15 In:14 Wi:16 Ch:9  Lawful
Dlvl:4  $:0  HP:0(37) Pw:24(24) AC:9  Xp:4 T:3504 

Latest messages:
 The little dog picks up a worthless piece of yellow glass.
 The little dog drops a worthless piece of yellow glass.
 You are beginning to feel hungry.
 You stop searching.
 What do you want to eat? [dgW or ?*] W
 Blecch!  Rotten food!
 The world spins and goes dark.
 You are conscious again.
 What do you want to eat? [dgW or ?*] W
 You resume your meal.
 You finish eating the food ration.
 You climb up the stairs.
 You swap places with your dog.
 You see here a pronged polearm.
 You swap places with your little dog.
 You see here a crossbow.
 You swap places with your little dog.
 You hit the acid blob!
 You see here a plate mail.
 The dog bites the acid blob.
 The acid blob is killed!
 You climb up the stairs.
 You swap places with your dog.
 You swap places with your little dog.
 You swap places with your dog.
 You hear a monster behind the boulder.
 Perhaps that's why you cannot move it.
 You find a hidden passage.
 You hit the floating eye.
 You are frozen by the floating eye's gaze!
 The rothe hits!
 The rothe bites!
 The rothe bites again!
 The rothe hits!
 The rothe bites!
 The rothe bites again!
 The rothe hits!
 The rothe bites!
 The rothe bites again!
 The rothe hits!
 The rothe bites!
 The rothe bites again!
 The rothe hits!
 The rothe bites!
 The rothe bites again!
 The rothe hits!
 The rothe bites!
 The rothe bites again!
 You die...
 Do you want your possessions identified? [ynq] (y) q

Inventory:
 Amulets  ('"')
  N - an uncursed amulet of magical breathing (being worn)
 Weapons  (')')
  D - 13 +0 darts
  a - a blessed +2 bullwhip
 Armor    ('[')
  c - an uncursed +0 fedora (being worn)
  b - an uncursed +0 leather jacket (being worn)
 Comestibles  ('%')
  d - 5 uncursed food rations
  g - an uncursed tripe ration
 Scrolls  ('?')
  r - an uncursed scroll of create monster
  Q - an uncursed scroll of enchant weapon
  U - 2 uncursed scrolls of identify
  E - a cursed scroll of identify
  o - an uncursed scroll of light
  G - an uncursed scroll of scare monster
 Spellbooks  ('+')
  K - an uncursed spellbook of detect food
 Potions  ('!')
  I - an uncursed potion of booze
  C - an uncursed potion of extra healing
  F - an uncursed potion of full healing
  H - an uncursed potion of gain ability
  L - an uncursed potion of healing
  B - an uncursed potion of sickness
 Wands    ('/')
  u - a cursed wand of lightning (0:5)
 Tools    ('(')
  S - an uncursed sack containing 1 item
  T - an uncursed blindfold
  i - an uncursed oil lamp
  p - a +0 pick-axe (weapon in right hand)
  f - a tinning kit (0:55)
 Gems/Stones  ('*')
  P - an uncursed amber stone
  t - an uncursed touchstone

Contents of the sack:
  5409 gold pieces

HenriqueII the Archeologist's attributes:

Background:
 You were a Field Worker, a level 4 male human Archeologist.
 You were lawful, nominally on a mission for Quetzalcoatl
 who was opposed by Camaxtli (neutral) and Huhetotl (chaotic).
 You were right-handed.
 You were in the Dungeons of Doom, on level 4.
 You entered the dungeon 3504 turns ago.
 There was a full moon in effect when your adventure ended.
 You had 104 experience points, 56 more were needed to attain level 5.

Basics:
 You had 0 out of 37 hit points.
 You had all 24 energy points (spell power).
 Your armor class was 9.
 Your wallet was empty, but
 you had 5409 zorkmids stashed away in your pack.
 Autopickup was on for '$!?/="' plus thrown, with exceptions.

Final Characteristics:
 Your strength was 13 (limit:18/100).
 Your dexterity was 13 (limit:18).
 Your constitution was 15 (limit:18).
 Your intelligence was 14 (limit:18).
 Your wisdom was 16 (limit:18).
 Your charisma was 9 (limit:18).

Final Status:
 You weren't hungry.
 You were unencumbered.
 You were wielding a pick-axe.
 You had basic skill with pick-axe.

Final Attributes:
 You were piously aligned.
 You had automatic searching.
 You could survive without air.
 You were fast.
 You were lucky.
 You are dead.

Miscellaneous:
 You didn't encounter any bones levels.
 Total elapsed playing time was 21 minutes and 44 seconds.

Major events:
 Turn
    1: HenriqueII the lawful male human Archeologist entered the dungeon
 1510: entered the Gnomish Mines
 2361: attained the rank of Field Worker (level 3)
 3504: killed by a rothe, while frozen by a floating eye's gaze

You didn't know any spells.

Skills:
 Fighting Skills
   bare handed combat [Unskilled]
   two weapon combat  [Unskilled]
   riding             [Unskilled]
 Weapon Skills
   dagger             [Unskilled]
   knife              [Unskilled]
   pick-axe           [Basic]
   short sword        [Unskilled]
   saber              [Unskilled]
   club               [Unskilled]
   quarterstaff       [Unskilled]
   sling              [Unskilled]
   dart               [Unskilled]
   boomerang          [Unskilled]
   whip               [Basic]
   unicorn horn       [Unskilled]
 Spellcasting Skills
   attack spells      [Unskilled]
   healing spells     [Unskilled]
   divination spells  [Unskilled]
   matter spells      [Unskilled]

Voluntary challenges:
 Character rerolling was not enabled.
 You were an atheist.
 You never genocided any monsters.
 You never polymorphed an object.
 You never changed form.
 You used no wishes.
Achievements:
 You entered a shop.
 You entered the Gnomish Mines.
 You attained the rank of Field Worker.

 The Dungeons of Doom: levels 1 to 8
    Level 1:
    Level 2:
    Level 3:
       A food shop.
       Stairs down to The Gnomish Mines.
    Level 4: <- You were here.
       A fountain.
       Final resting place for
          you, killed by a rothe, while frozen by a floating eye's gaze.
    Level 5:
       A fountain.
    Level 6:
       A general store, a fountain.
    Level 7:
       A fountain.
    Level 8:
 The Gnomish Mines:
    Level 4:


Vanquished creatures:
  a rock mole
  a dwarf
  a rothe
  a centipede
  a giant bat
  2 dwarf zombies
  a wererat
  2 iguanas
 an acid blob
  2 manes
  a large kobold
  a hobgoblin
  a cave spider
  2 yellow molds
  a gnome
  a gnome zombie
  3 geckos
  6 jackals
  3 kobolds
  2 goblins
  2 sewer rats
  7 grid bugs
  a lichen
  3 kobold zombies
  7 newts
54 creatures vanquished.

No species were genocided or became extinct.

Game over:
                       ----------
                      /          \
                     /    REST    \
                    /      IN      \
                   /     PEACE      \
                  /                  \
                  |    HenriqueII    |
                  |     5409 Au      |
                  |   killed by a    |
                  |      rothe       |
                  |                  |
                  |                  |
                  |       2026       |
                 *|     *  *  *      | *
        _________)/\\_//(\/(/\)/\//\/|_)_______

Goodbye HenriqueII the Archeologist...

You died in The Dungeons of Doom on dungeon level 4 with 5685 points,
and 5409 pieces of gold, after 3504 moves.
You were level 4 with a maximum of 37 hit points when you died.

